 Dungeon Crawl Stone Soup version 0.32-a0-18-g89e19f1974 (webtiles) character file.

Game seed: 7975142244585916863

9 4298826198 the Trooper (level 2, -1/33 HPs)
             Began as an Oni Cinder Acolyte on Jan 16, 2024.
             Was a High Priest of Ignis.
             Succumbed to their own poison gas
             ... on level 1 of the Dungeon.
             The game lasted 00:12:51 (402 turns).

4298826198 the Trooper (Oni Cinder Acolyte)          Turns: 402, Time: 00:12:51

Health: -1/33      AC:  3    Str: 17    XL:     2   Next: 12%
Magic:  3/3        EV:  9    Int: 15    God:    Ignis [*****.]
Gold:   7          SH:  0    Dex:  4    Spells: 3/3 levels left

rFire   + . .        a - +0 mace (flame)
rCold   . . .        (no shield)
rNeg    . . .        b - +0 robe
rPois   .            (helmet restricted)
rElec   .            (no cloak)
rCorr   .            (gloves unavailable)
SInv    .            (boots unavailable)
Will    .....        (no amulet)
Stlth   +            (no ring)
HPRegen 0.25/turn    (no ring)
MPRegen 0.08/turn

%: no passive effects
@: lethally poisoned (-1 -> -46)
A: large, unfitting armour, horns 1, tough skin 1, double potion healing,
drunken brawling
a: Renounce Religion, Fiery Armour, Foxfire Swarm, Rising Flame


You were on level 1 of the Dungeon.
You worshipped Ignis.
Ignis was extremely pleased with you.
You visited 1 branch of the dungeon, and saw 1 of its levels.

You collected 7 gold pieces.

Inventory:

Hand Weapons
 a - a +0 mace of flaming (weapon)
Armour
 b - a +0 robe (worn)
 c - a +0 leather armour
Magical Staves
 e - a staff of conjuration
Potions
 d - a potion of curing {unknown}


   Skills:
 + Level 4.3 Fighting
 + Level 3.0 Maces & Flails
 + Level 1.2 Spellcasting
 + Level 3.0 Fire Magic


You had 3 spell levels left.
You didn't know any spells.
Your spell library contained the following spells:

 Spells                   Type           Power      Damage    Failure   Level
 Scorch                   Fire           20%        2d5       11%         2


Dungeon Overview and Level Annotations

Branches:
Dungeon (1/15)

Altars:


Innate Abilities, Weirdness & Mutations

You are too large for most types of armour.
You have a pair of small horns on your head.
You have tough skin. (AC +1)
You gain doubled healing and magic from potions.
Whenever you drink a healing potion, you attack all around you.


Message History

You thump the rat! You burn the rat.
You kill the rat!
You now have 7 gold pieces.
Found a thick runed staff.
You see here a staff of conjuration.
You see here a staff of conjuration.
e - a staff of conjuration
Found a stone staircase leading down.
A kobold comes into view. It is wielding a +0 dagger.
Found a scroll labelled BUOSMORI VOCU.
The kobold shouts!
The kobold throws a stone.
The stone hits you.
The kobold throws a stone.
The stone closely misses you.
There is a stone staircase leading down here.
The kobold throws a stone.
The stone hits you. The kobold closely misses you.
You miss the kobold. The kobold hits you with a +0 dagger.
You closely miss the kobold.
The kobold hits you but does no damage. x2
You closely miss the kobold. The kobold hits you but does no damage.
You hit the kobold. You burn the kobold.
You kill the kobold!
f - a scroll labelled BUOSMORI VOCU
Things that are here:
a +0 dagger; 5 stones
Things that are here:
a +0 dagger; 5 stones
Things that are here:
a +0 dagger; 5 stones The air fills with toxic fumes!
As you read the scroll labelled BUOSMORI VOCU, it crumbles to dust.
It was a scroll of poison.
Okay, then.
You are engulfed in poison gas.
You are poisoned.
You feel very sick.
You are engulfed in poison gas.
You are lethally poisoned!
You feel extremely sick.
You are engulfed in poison gas.
You are more poisoned.
* * * LOW HITPOINT WARNING * * *
You die...

#.....##.#.#
########
#.###.##.#.#
.......#
#.#........#
######.#
#.#.#.##.### #.#
##.....##.#
#.####.........#
#......##.######
#########§#########
#§§@§§)§§§#
#########§# #


There were no monsters in sight!

Vanquished Creatures
  A dart slug (D:1)
  A ball python (D:1)
  A hobgoblin (D:1)
  A kobold (D:1)
  4 rats (D:1)
8 creatures vanquished.

Notes
Turn   | Place    | Note
-------+----------+-------------------------------------------
     0 | D:1      | 4298826198 the Oni Cinder Acolyte began the quest for the
                  | Orb.
     0 | D:1      | Reached XP level 1. HP: 24/24 MP: 2/2
   296 | D:1      | Reached XP level 2. HP: 30/33 MP: 3/3
   402 | D:1      | Succumbed to their own poison gas

Illustrated notes

Levels and vault maps discovered:
D:1:      dpeg_arrival_brainrot, layout_loops_ring,
          shapermc_ecumenical_altar_venn

Skill      XL: |  1 |
---------------+----+-----
Fire Magic     | 3 |  3.0
Fighting       | |  4.3
Maces & Flails | |  3.0
Spellcasting   | |  1.2

Action                     || total
---------------------------++-------
  Melee: Mace              ||    14
         Headbutt          ||     2
    Use: Scroll            ||     4
 Armour: Robe              ||    10
  Dodge: Dodged            ||     6

Table legend: (Time is in decaauts)
 A = Elapsed time spent in this place.
 B = Non-inter-level travel time spent in this place.
 C = Inter-level travel time spent in this place.
 D = Time resting spent in this place.
 E = Time spent auto-exploring this place.
 F = Levels seen in this place.
 G = Mean time per level.
                   A        B        C        D        E       F      G
               +--------+--------+--------+--------+--------+-----+--------+
         Total |    405 |    401 |      4 |      0 |     28 |   1 |  405.0 |
       Dungeon |    405 |    401 |      4 |      0 |     28 |   1 |  405.0 |
               +--------+--------+--------+--------+--------+-----+--------+

Top non-repeatable levels by time:
     D:1: 405 daAuts
